MLB
BALTIMORE ORIOLES @ CHICAGO WHITE SOX
03/10/2068
 
TOP OF THE 1ST
Baltimore Orioles batting - Pitching for Chicago White Sox : RHP Dean Miller
Pitching: RHP Dean Miller
Batting: RHB Alex Montes 0-0: SINGLE (Groundball, 56D, EV 105.0 MPH)
Batting: RHB Brad Thompson 0-0: Ball
1-0: SINGLE (Line Drive, 8LS, EV 100.0 MPH)
Alex Montes to second
Alex Montes to third
Batting: RHB Ryan Riley 0-0: Ball
1-0: Fly out, F8 (Line Drive, 8LD, EV 87.5 MPH)
Runner from 3rd tags up, SCORES, throw by CF
Batting: RHB Rich Cioneyer 0-0: Ball
1-0: Ball
2-0: Called Strike
2-1: Ball
3-1: Grounds into double play, 6-4-3 (Groundball, 6, EV 98.1 MPH)
Top of the 1st over - 1 run, 2 hits, 0 errors, 0 left on base; Baltimore 1 - Chicago 0
BOTTOM OF THE 1ST
Chicago White Sox batting - Pitching for Baltimore Orioles : RHP Guo Han
Pitching: RHP Guo Han
Batting: LHB Dustin Fox 0-0: Ball
1-0: Called Strike
1-1: Called Strike
1-2: Ball
2-2: Ball
3-2: Ground out 4-3 (Groundball, 4M, EV 84.4 MPH)
Batting: LHB David Gaytan 0-0: Ball
1-0: Foul Ball, location: 2F
1-1: Ball
2-1: Ball
3-1: Base on Balls
Batting: SHB Jon White 0-0: Ball
1-0: Called Strike
1-1: Ball
David Gaytan steals 2nd base (no throw)
2-1: Foul Ball, location: 2F
2-2: Ball
3-2: Base on Balls
Batting: LHB David Brooks 0-0: Called Strike
0-1: Foul Ball, location: 2F
0-2: Ball
1-2: Strikes out looking
Batting: RHB David Seevers 0-0: Foul Ball, location: 2F
0-1: Called Strike
0-2: Foul Ball, location: 2F
0-2: Strikes out swinging
Bottom of the 1st over - 0 runs, 0 hits, 0 errors, 2 left on base; Baltimore 1 - Chicago 0
TOP OF THE 2ND
Baltimore Orioles batting - Pitching for Chicago White Sox : RHP Dean Miller
Batting: SHB Elias Rangel 0-0: Ball
1-0: Ball
2-0: Ground out U3 (Groundball, 3, EV 88.8 MPH)
Batting: RHB Bernardo Ferros 0-0: Ball
1-0: Called Strike
1-1: Called Strike
1-2: Foul Ball, location: 2F
1-2: Fly out, F7 (Flyball, 78D, EV 73.1 MPH)
Batting: RHB Danny Arriga 0-0: Hit by Pitch
Batting: RHB Mike Testa 0-0: Ball
1-0: DOUBLE (Line Drive, 7LS, EV 90.6 MPH)
Danny Arriga to third
Batting: LHB Eddie Rodriguez 0-0: Ball
1-0: Ball
2-0: Ball
3-0: Called Strike
3-1: Ground out 5-3 (Groundball, 56S, EV 89.4 MPH)
Top of the 2nd over - 0 runs, 1 hit, 0 errors, 2 left on base; Baltimore 1 - Chicago 0
BOTTOM OF THE 2ND
Chicago White Sox batting - Pitching for Baltimore Orioles : RHP Guo Han
Batting: SHB Billy Wilkins 0-0: Swinging Strike
0-1: Called Strike
0-2: Strikes out swinging
Batting: LHB Isaiah Batts 0-0: Ball
1-0: DOUBLE (Line Drive, 7LS, EV 101.9 MPH)
Batting: RHB Alberto Cantero 0-0: Ball
1-0: Ball
2-0: Foul Ball, location: 2F
2-1: Swinging Strike
2-2: SINGLE (Line Drive, 7S, EV 101.2 MPH)
Isaiah Batts to third
Batting: RHB Josh Davidson 0-0: Called Strike
0-1: Ball
1-1: Ball
2-1: Foul Ball, location: 2F
2-2: DOUBLE (Line Drive, 9LS, EV 98.8 MPH)
Isaiah Batts scores
Alberto Cantero to third
Batting: LHB Dustin Fox 0-0: Foul Ball, location: 2F
0-1: Ball
1-1: Ball
2-1: Foul Ball, location: 2F
2-2: Ground out U3 (Groundball, 3, EV 86.2 MPH)
Batting: LHB David Gaytan 0-0: Swinging Strike
0-1: Foul Ball, location: 2F
0-2: Foul Ball, location: 2F
0-2: SINGLE (Groundball, 4MD, EV 101.2 MPH)
Alberto Cantero scores
Josh Davidson to third
Runner from 3rd tries for Home, SAFE, throw by CF to home
Batting: SHB Jon White 0-0: Ball
David Gaytan steals 2nd base
1-0: Called Strike
1-1: Swinging Strike
1-2: Foul Ball, location: 2F
1-2: Ball
2-2: Fly out, F6 (Line Drive, 6, EV 69.4 MPH)
Bottom of the 2nd over - 3 runs, 4 hits, 0 errors, 1 left on base; Baltimore 1 - Chicago 3
TOP OF THE 3RD
Baltimore Orioles batting - Pitching for Chicago White Sox : RHP Dean Miller
Batting: RHB Alex Montes 0-0: Called Strike
0-1: Swinging Strike
0-2: Ground out 5-3 (Groundball, 56S, EV 80.6 MPH)
Batting: RHB Brad Thompson 0-0: Ball
1-0: DOUBLE (Groundball, 3L, EV 95.6 MPH)
Batting: RHB Ryan Riley 0-0: Called Strike
0-1: Swinging Strike
0-2: Ball
1-2: Ground out 5-3 (Groundball, 56S, EV 88.8 MPH)
Batting: RHB Rich Cioneyer 0-0: Called Strike
0-1: Ball
1-1: Ball
2-1: Foul Ball, location: 2F
2-2: Ground out 4-3 (Groundball, 4, EV 90.6 MPH)
Top of the 3rd over - 0 runs, 1 hit, 0 errors, 1 left on base; Baltimore 1 - Chicago 3
BOTTOM OF THE 3RD
Chicago White Sox batting - Pitching for Baltimore Orioles : RHP Guo Han
Batting: LHB David Brooks 0-0: Foul Ball, location: 2F
0-1: Foul Ball, location: 2F
0-2: Ball
1-2: Foul Ball, location: 2F
1-2: Ball
2-2: Ball
3-2: Ground out 4-3 (Groundball, 4, EV 106.9 MPH)
Batting: RHB David Seevers 0-0: Ball
1-0: Called Strike
1-1: Foul Ball, location: 2F
1-2: SINGLE (Flyball, 56D, EV 88.8 MPH)
Batting: SHB Billy Wilkins 0-0: Swinging Strike
0-1: Fly out, F8 (Flyball, 8LXD, EV 89.4 MPH)
Batting: LHB Isaiah Batts 0-0: Ball
1-0: Ball
2-0: Ground out 1-3 (Groundball, 13S, EV 65.0 MPH)
Bottom of the 3rd over - 0 runs, 1 hit, 0 errors, 1 left on base; Baltimore 1 - Chicago 3
TOP OF THE 4TH
Baltimore Orioles batting - Pitching for Chicago White Sox : RHP Dean Miller
Batting: SHB Elias Rangel 0-0: Ball
1-0: Fly out, F8 (Line Drive, 8LM, EV 86.9 MPH)
Batting: RHB Bernardo Ferros 0-0: Swinging Strike
0-1: Ball
1-1: Ball
2-1: Ground out 6-3 (Groundball, 6S, EV 68.1 MPH)
Batting: RHB Danny Arriga 0-0: Foul Ball, location: 2F
0-1: Ball
1-1: Fly out, F7 (Line Drive, 7, EV 107.5 MPH)
Top of the 4th over - 0 runs, 0 hits, 0 errors, 0 left on base; Baltimore 1 - Chicago 3
BOTTOM OF THE 4TH
Chicago White Sox batting - Pitching for Baltimore Orioles : RHP Guo Han
Batting: RHB Alberto Cantero 0-0: Called Strike
0-1: Foul Ball, location: 2F
0-2: Ball
1-2: Foul Ball, location: 2F
1-2: Foul Ball, location: 2F
1-2: DOUBLE (Line Drive, 7LD, EV 108.1 MPH)
Batting: RHB Josh Davidson 0-0: Ball
1-0: Ball
2-0: Ball
Alberto Cantero is caught stealing 3rd base 2-5
3-0: Called Strike
3-1: Base on Balls
Batting: LHB Dustin Fox 0-0: Ball
1-0: Swinging Strike
1-1: Fielders Choice at 2nd, 4-6 (Groundball, 4, EV 88.1 MPH)
Batting: LHB David Gaytan 0-0: Ball
1-0: Ball
2-0: Swinging Strike
2-1: Ball
Dustin Fox steals 2nd base (no throw)
3-1: Base on Balls
Batting: SHB Jon White 0-0: Fielders Choice at 2nd, 6-4 (Groundball, 6MD, EV 99.4 MPH)
Bottom of the 4th over - 0 runs, 1 hit, 0 errors, 2 left on base; Baltimore 1 - Chicago 3
TOP OF THE 5TH
Baltimore Orioles batting - Pitching for Chicago White Sox : RHP Dean Miller
Pitching: RHP Elijah Nilson
Pinch Hitting: LHB John Stafford 0-0: Foul Ball, location: 2F
0-1: Ball
1-1: Foul Ball, location: 2F
1-2: Ball
2-2: Strikes out swinging
Batting: LHB Eddie Rodriguez 0-0: Called Strike
0-1: Ball
1-1: Ball
2-1: Foul Ball, location: 2F
2-2: Strikes out swinging
Batting: RHB Alex Montes 0-0: Called Strike
0-1: Fly out, F8 (Flyball, 8RS, EV 83.8 MPH)
Top of the 5th over - 0 runs, 0 hits, 0 errors, 0 left on base; Baltimore 1 - Chicago 3
BOTTOM OF THE 5TH
Chicago White Sox batting - Pitching for Baltimore Orioles : RHP Guo Han
Pitching: LHP Diego Romero
Now at 2B: Angelo Pacheco
Batting: LHB David Brooks 0-0: Foul Ball, location: 2F
0-1: SINGLE (Groundball, 34D, EV 100.6 MPH)
Batting: RHB David Seevers 0-0: Called Strike
0-1: Foul Ball, location: 2F
0-2: Foul Ball, location: 2F
0-2: Ball
1-2: Strikes out swinging
Batting: SHB Billy Wilkins 0-0: Foul Ball, location: 2F
0-1: Ball
1-1: Ball
2-1: Swinging Strike
2-2: Ball
3-2: Grounds into double play, 5-4-3 (Groundball, 56, EV 87.5 MPH)
Bottom of the 5th over - 0 runs, 1 hit, 0 errors, 0 left on base; Baltimore 1 - Chicago 3
TOP OF THE 6TH
Baltimore Orioles batting - Pitching for Chicago White Sox : RHP Elijah Nilson
Batting: RHB Brad Thompson 0-0: Hit by Pitch
Batting: RHB Ryan Riley 0-0: Called Strike
0-1: Hit by Pitch
Brad Thompson to second
Batting: RHB Rich Cioneyer 0-0: Foul Ball, location: 2F
0-1: Ball
1-1: Ball
2-1: Fly out, F7 (Flyball, 7LS, EV 95.6 MPH)
Batting: SHB Elias Rangel 0-0: Ball
1-0: Foul Ball, location: 2F
1-1: Ball
2-1: DOUBLE (Flyball, 8RXD, EV 100.6 MPH)
Brad Thompson scores
Ryan Riley to third
Runner from 3rd tries for Home, SAFE, no throw by CF
Batting: RHB Bernardo Ferros 0-0: Ball
1-0: Called Strike
1-1: Ball
2-1: Foul Ball, location: 2F
2-2: Ground out 4-3 (Groundball, 4M, EV 91.9 MPH)
Elias Rangel to third
Pinch Hitting: RHB Jonathan Kurowski 0-0: Ball
1-0: Swinging Strike
1-1: Ball
2-1: Ball
3-1: Foul Ball, location: 2F
3-2: Strikes out swinging
Top of the 6th over - 2 runs, 1 hit, 0 errors, 1 left on base; Baltimore 3 - Chicago 3
BOTTOM OF THE 6TH
Chicago White Sox batting - Pitching for Baltimore Orioles : LHP Diego Romero
Now at 3B: Rick Mahoney
Pinch Hitting: RHB Elias Hernandez 0-0: Ball
1-0: Ball
2-0: Called Strike
2-1: Ball
3-1: Swinging Strike
3-2: Base on Balls
Batting: RHB Alberto Cantero 0-0: Ball
1-0: Called Strike
1-1: Foul Ball, location: 2F
1-2: Ball
2-2: Foul Ball, location: 2F
2-2: Ball
3-2: Reached on error, E1 (Groundball, P, EV 69.4 MPH)
Elias Hernandez to second
Batting: RHB Josh Davidson 0-0: Swinging Strike
0-1: Sac Bunt to 13S - play at first, batter OUT! 1-4
Elias Hernandez to third
Alberto Cantero to second
Pinch Hitting: RHB Dustin White 0-0: Swinging Strike
0-1: Foul Ball, location: 2F
0-2: Fly out, F8 (Flyball, 8LD, EV 98.1 MPH)
Runner from 3rd tags up, OUT at HOME! 8-2
Bottom of the 6th over - 0 runs, 0 hits, 1 error, 1 left on base; Baltimore 3 - Chicago 3
TOP OF THE 7TH
Baltimore Orioles batting - Pitching for Chicago White Sox : RHP Elijah Nilson
Pitching: RHP David Elliott
Now at 2B: Elias Hernandez
Now in CF: Dustin White
Batting: RHB Angelo Pacheco 0-0: Called Strike
0-1: Foul Ball, location: 2F
0-2: Ball
1-2: Strikes out swinging
Batting: LHB Eddie Rodriguez 0-0: Called Strike
0-1: Foul Ball, location: 2F
0-2: Ball
1-2: Ball
2-2: Strikes out swinging
Batting: RHB Alex Montes 0-0: Swinging Strike
0-1: Ground out 6-3 (Groundball, 6, EV 88.1 MPH)
Top of the 7th over - 0 runs, 0 hits, 0 errors, 0 left on base; Baltimore 3 - Chicago 3
BOTTOM OF THE 7TH
Chicago White Sox batting - Pitching for Baltimore Orioles : LHP Diego Romero
Pitching: RHP Chris Herrera
Pinch Hitting: RHB Hugh Butler 0-0: Foul Ball, location: 2F
0-1: Called Strike
0-2: Foul Ball, location: 2F
0-2: Ball
1-2: Ball
2-2: Ball
3-2: Base on Balls
Batting: LHB Shane Spivey 0-0: Ball
1-0: Ball
2-0: Ball
3-0: Base on Balls
Hugh Butler to second
Batting: LHB David Brooks 0-0: Ball
1-0: Ball
2-0: Foul Ball, location: 2F
2-1: Swinging Strike
2-2: Ball
3-2: Base on Balls
Hugh Butler to third
Shane Spivey to second
Pinch Hitting: LHB Alex Toscano 0-0: Ball
1-0: Foul Ball, location: 2F
1-1: Foul Ball, location: 2F
1-2: Foul Ball, location: 2F
1-2: GRAND SLAM HOME RUN (Flyball, 9D, EV 108.8 MPH), Distance : 410 ft
Pitching: LHP Curt Lewis
Batting: SHB Billy Wilkins 0-0: Ball
1-0: Foul Ball, location: 2F
1-1: Called Strike
1-2: Ground out 6-3 (Groundball, 6, EV 100.6 MPH)
Batting: RHB Elias Hernandez 0-0: Foul Ball, location: 2F
0-1: Swinging Strike
0-2: Ball
1-2: Ball
2-2: Strikes out swinging
Batting: RHB Alberto Cantero 0-0: Ball
1-0: Ball
2-0: Called Strike
2-1: Called Strike
2-2: Ball
3-2: Fly out, F8 (Flyball, 78M, EV 80.0 MPH)
Bottom of the 7th over - 4 runs, 1 hit, 0 errors, 0 left on base; Baltimore 3 - Chicago 7
TOP OF THE 8TH
Baltimore Orioles batting - Pitching for Chicago White Sox : RHP David Elliott
Pitching: RHP Danny Eckhardt
Now at 1B: Alex Toscano
Now in LF: Hugh Butler
Pinch Hitting: RHB Tyler LeGault 0-0: Ball
1-0: Called Strike
1-1: Ground out 5-3 (Groundball, 5L, EV 98.1 MPH)
Pinch Hitting: RHB Jeff Gensler 0-0: Ball
1-0: Ground out U3 (Groundball, 3D, EV 85.0 MPH)
Batting: LHB Nate Sadler 0-0: Ball
1-0: Foul Ball, location: 2F
1-1: Ball
2-1: Swinging Strike
2-2: Ball
3-2: Base on Balls
Pinch Hitting: RHB Jeremy DeVoy 0-0: Called Strike
0-1: Foul Ball, location: 2F
0-2: Foul Ball, location: 2F
0-2: Foul Ball, location: 2F
0-2: Ball
1-2: Ball
2-2: Foul Ball, location: 2F
2-2: Ball
3-2: Foul Ball, location: 2F
3-2: Foul Ball, location: 2F
3-2: Base on Balls
Nate Sadler to second
Pitching: RHP Cristiano Falacheira
Pinch Hitting: RHB Jofet Granadeiro 0-0: Ball
1-0: Ball
2-0: Called Strike
2-1: SINGLE (Line Drive, 78S, EV 86.2 MPH)
Nate Sadler to third
Jeremy DeVoy to second
Batting: RHB Rick Mahoney 0-0: Ball
1-0: Ball
2-0: Ball
3-0: Called Strike
3-1: Base on Balls
Nate Sadler scores
Jeremy DeVoy to third
Jofet Granadeiro to second
Batting: RHB Angelo Pacheco 0-0: Ball
1-0: Foul Ball, location: 2F
1-1: Ground out 4-3 (Groundball, 4, EV 86.2 MPH)
Top of the 8th over - 1 run, 1 hit, 0 errors, 3 left on base; Baltimore 4 - Chicago 7
BOTTOM OF THE 8TH
Chicago White Sox batting - Pitching for Baltimore Orioles : LHP Curt Lewis
Now at 1B: Tyler LeGault
Now in LF: Jofet Granadeiro
Now in CF: Jeff Gensler
Now in RF: Jeremy DeVoy
Batting: RHB Josh Davidson 0-0: Ball
1-0: Ball
2-0: Ball
3-0: Called Strike
3-1: DOUBLE (Line Drive, 8LD, EV 105.6 MPH)
Batting: RHB Dustin White 0-0: Called Strike
0-1: Sac Bunt to 25 - play at first, batter safe!
Josh Davidson to third
Batting: RHB Hugh Butler 0-0: Called Strike
0-1: Ball
1-1: Ball
2-1: Ball
3-1: Base on Balls
Dustin White to second
Batting: LHB Shane Spivey 0-0: SINGLE (Line Drive, 8LS, EV 111.9 MPH)
Josh Davidson scores
Dustin White to third
Hugh Butler to second
Runner from 3rd tries for Home, SAFE, throw by CF to home
Batting: LHB David Brooks 0-0: Ball
1-0: Bunt - Flyout to 5S! F5
Batting: LHB Alex Toscano 0-0: DOUBLE (Flyball, 78XD, EV 91.2 MPH)
Hugh Butler scores
Shane Spivey to third
Batting: SHB Billy Wilkins 0-0: Fly out, F8 (Flyball, 8RD, EV 86.2 MPH)
Runner from 3rd tags up, SCORES, throw by CF
Alex Toscano to third
Batting: RHB Elias Hernandez 0-0: Called Strike
0-1: Foul Ball, location: 2F
0-2: Strikes out swinging
Bottom of the 8th over - 4 runs, 4 hits, 0 errors, 1 left on base; Baltimore 4 - Chicago 11
TOP OF THE 9TH
Baltimore Orioles batting - Pitching for Chicago White Sox : RHP Cristiano Falacheira
Batting: LHB Eddie Rodriguez 0-0: Foul Ball, location: 2F
0-1: SINGLE (Groundball, 4MD, EV 110.0 MPH)
Pinch Hitting: RHB Chris Johnson 0-0: Called Strike
0-1: Called Strike
0-2: Ball
1-2: Ball
2-2: Ball
3-2: Foul Ball, location: 2F
3-2: Foul Ball, location: 2F
3-2: Grounds into double play, 5-4-3 (Groundball, 5, EV 85.6 MPH)
Pinch Hitting: RHB Dustin McAtee 0-0: Called Strike
0-1: Ball
1-1: Swinging Strike
1-2: Ball
2-2: Ball
3-2: SINGLE (Line Drive, 8RS, EV 86.2 MPH)
Batting: RHB Jeff Gensler 0-0: Called Strike
0-1: Ball
1-1: Ball
2-1: Ball
3-1: Fielders Choice at 2nd, 5-4 (Groundball, 56, EV 85.0 MPH)
Top of the 9th over - 0 runs, 2 hits, 0 errors, 1 left on base; Baltimore 4 - Chicago 11
Friday, June 4th , 2021 - OOTP Baseball 22.5 Build 54